 Dungeon Crawl Stone Soup version 0.28-a0-991-g956f0ee3d5 (webtiles) character file.

Game seed: 9920311616272387936

1528 funkygono the Magician (level 9, -2/57 HPs)
             Began as a Djinni Fire Elementalist on Dec 4, 2021.
             Was an Initiate of Makhleb.
             Slain by a scorpion (5 damage)
             ... on level 6 of the Dungeon.
             The game lasted 00:18:36 (8959 turns).

funkygono the Magician (Djinni Fire Elementalist)   Turns: 8959, Time: 00:18:37

Health: -2/57      AC:  4    Str:  9    XL:     9   Next: 10%
Gold:   263        EV: 12    Int: 20    God:    Makhleb [......] SH:  7 Dex: 13

rFire   + + .      SeeInvis .   c - +0 falchion
rCold   x . .      Faith    .   f - +2 buckler {rPois}
rNeg    . . .      Spirit   .   k - +0 leather armour
rPois   ∞          Reflect  .   l - +0 helmet
rElec   .          Harm     .   (no cloak)
rCorr   .          Rampage  .   (no gloves)
Will    .....                   (boots unavailable)
Stlth   ++........              (no amulet)
HPRegen 0.19/turn               (no ring)
MPRegen 0.00/turn               (no ring)

@: flying
A: sickness immunity, fire resistance 2, cold vulnerability 1, float, innate
caster, hp casting, extra vitality 1
a: Renounce Religion


You were on level 6 of the Dungeon.
You worshipped Makhleb.
Makhleb was noncommittal.
You visited 2 branches of the dungeon, and saw 7 of its levels.

You collected 263 gold pieces.

Inventory:

Hand Weapons
 c - a +0 falchion (weapon)
 r - a +0 long sword
 u - the +1 rapier of Cegitaeg {flame, Drain Will+ Str+4 Dex+2}
   (You found it on level 6 of the Dungeon)

   It burns those it strikes, dealing additional fire damage.
   Str:       It affects your strength (+4).
   Dex:       It affects your dexterity (+2).
   Drain:     It drains your maximum health when unequipped.
   Will:      It increases your willpower.
Missiles
 i - 182 stones
Armour
 a - a +0 robe
 e - a +0 ring mail
 f - a +2 buckler of poison resistance (worn)
 k - a +0 leather armour (worn)
 l - a +0 helmet (worn)
 o - a +0 chain mail of cold resistance
Jewellery
 s - a ring of wizardry
Scrolls
 d - 3 scrolls of magic mapping
 g - a scroll of immolation
 m - 3 scrolls of vulnerability
 t - a scroll of fog
Potions
 b - a potion of degeneration {unknown}
 h - 2 potions of curing {unknown}
 j - a potion of magic {unknown}
 n - a potion of ambrosia {unknown}
 p - 2 potions of heal wounds {unknown}
 q - 2 potions of lignification {unknown}


   Skills:
 * Level 1.5 Fighting
 + Level 2.6 Long Blades
 + Level 3.3 Armour
 + Level 3.6 Dodging
 + Level 2.9 Stealth
 + Level 3.8 Shields
 * Level 6.2 Spellcasting


You couldn't memorise any spells.
You knew the following spells:

 Your Spells              Type           Power      Damage    Failure   Level
a - Foxfire               Conj/Fire      100%       2x1d9     1%          1
b - Scorch                Fire           62%        2d8       1%          2
c - Conjure Flame         Conj/Fire      31%        6-21      3%          3
d - Inner Flame           Hex/Fire       31%        N/A       3%          3
e - Flame Wave            Conj/Fire      31%        2d7       11%         4
f - Apportation           Tloc           62%        N/A       1%          1
g - Blink                 Tloc           62%        N/A       1%          2
h - Call Imp              Summ           31%        N/A       1%          2
i - Iskenderun's Mystic   Conj/Tloc      31%        2d8       11%         4
Your spell library was empty.

Dungeon Overview and Level Annotations

Branches:
Dungeon (6/15)             Temple (1/1) D:6

Altars:
Ashenzari
Cheibriados
Dithmenos
Elyvilon
Fedhas
Gozag
Hepliaklqana
Kikubaaqudgha
Makhleb
Nemelex Xobeh
Okawaru
Qazlal
Ru
Trog
Uskayaw
Vehumet
Wu Jian
Xom
Zin
The Shining One

Shops:
D:5 :


Innate Abilities, Weirdness & Mutations

You are immune to sickness and miasma.
You are immune to poison.
Your flesh is very heat resistant. (rF++)
You are vulnerable to cold. (rC-)
You float through the air rather than walking.
You learn spells naturally, not from books.
Your magical power is your life essence.
You have superior vitality. (+4 HP)


Message History

Your shadow imp hits the scorpion.
Your shadow imp hits the scorpion.
Your magical contamination has completely faded away.
You feel stable enough to blink again.
Casting: Blink (safe; 1% risk of failure)
Confirm with . or Enter, or press ? or * to list all spells.
The fire begins to smoulder!
* * * LOW HITPOINT WARNING * * *
The fire ignites!
There are no items here.
What are your orders? t - Shout!
Orders for allies: a - Attack new target. r - Retreat! s - Stop attacking. g - Guard the area. f - Follow me.
Anything else - Cancel.
You shout for attention!
There is an open door here.
The hornet zombie is engulfed in blazing flames.
Unknown command.
Casting: Conjure Flame (dangerous; 3% risk of failure)
Confirm with . or Enter, or press ? or * to list all spells.
Flames lash the hornet zombie.
The hornet zombie is almost destroyed.
The hornet zombie's fire resistance burns away.
* * * LOW HITPOINT WARNING * * *
The hornet zombie barely misses you. You block the hornet zombie's attack.
Casting: Scorch (safe; 1% risk of failure)
Confirm with . or Enter, or press ? or * to list all spells.
Flames lash the hornet zombie.
The hornet zombie is burned terribly!
You destroy the hornet zombie!
Makhleb accepts your kill.
* * * LOW HITPOINT WARNING * * *
Casting: Scorch (safe; 1% risk of failure)
Confirm with . or Enter, or press ? or * to list all spells.
The fire begins to smoulder!
* * * LOW HITPOINT WARNING * * *
The scorpion stings you.
You die...

#...#..............#....s.5...
#...#..............#...##....#
#...#..............#...####'##
#...#..............#...+......
#...#...........5..#...#......
#...#..............#...#......
#...#..............###########
#...#########s................
#...........#@#####...........
#.....P.P...+.#...#...........
#....##.##..#.#._.#...........
#####P#...#P##.#...#...........
#.......>......#.§.#########...
#....P#...#P...#...# #...
#.....##.##....##.### #...
#......P.P......#.#.# #...
#...............#.#^####+######


You could see a scorpion and a friendly shadow imp (summoned).

Vanquished Creatures
  Prince Ribbit (D:6)
  A hornet zombie (D:6)
  A necrophage (D:5)
  3 ogres
  A centaur (D:6)
  A phantom (D:6)
  3 scorpions
  2 howler monkeys (D:4)
  3 orc priests
  2 hounds (D:5)
  Natasha (thrice) (D:3)
  3 orc wizards
  A hound skeleton (D:2)
  A howler monkey zombie (D:5)
  6 adders
  A white imp (D:6)
  An ufetubus (D:4)
  An adder zombie (D:2)
  3 worms
  16 orcs
  A bat zombie (D:2)
  7 endoplasms
  2 giant cockroaches
  6 goblins
  10 hobgoblins
  5 quokkas
  8 ball pythons
  A ball python zombie (D:2)
  7 bats
  3 frilled lizards
  7 kobolds
  A quokka zombie (D:2)
  4 rats
116 creatures vanquished.

Vanquished Creatures (collateral kills)
  A foxfire (D:1)
1 creature vanquished.

Vanquished Creatures (others)
  316 foxfires
316 creatures vanquished.

Grand Total: 433 creatures vanquished

Notes
Turn   | Place    | Note
-------+----------+-------------------------------------------
     0 | D:1      | funkygono the Djinni Fire Elementalist began the quest for
                  | the Orb.
     0 | D:1      | Reached XP level 1. HP: 15/15 MP: 0/0
   324 | D:1      | Reached XP level 2. HP: 18/21 MP: 0/0
   361 | D:1      | Found a faded altar of an unknown god.
   739 | D:1      | Reached XP level 3. HP: 24/25 MP: 0/0
   739 | D:1      | Learned a level 1 spell: Apportation
   827 | D:1      | Reached skill level 3 in Spellcasting
  2208 | D:2      | Reached XP level 4. HP: 22/31 MP: 0/0
  2541 | D:3      | Noticed Natasha
  2551 | D:3      | Killed Natasha
  2552 | D:3      | Reached skill level 1 in Shields
  2794 | D:3      | Noticed Natasha
  2798 | D:3      | Killed Natasha
  2799 | D:3      | Reached XP level 5. HP: 29/35 MP: 0/0
  2799 | D:3      | Learned a level 2 spell: Blink
  2979 | D:3      | Noticed Natasha
  2989 | D:3      | Killed Natasha
  3258 | D:3      | Reached skill level 1 in Armour
  3258 | D:3      | Reached XP level 6. HP: 34/40 MP: 0/0
  4145 | D:3      | Reached skill level 4 in Spellcasting
  4405 | D:4      | Noticed an ogre
  4412 | D:4      | Killed an ogre
  4547 | D:4      | Reached XP level 7. HP: 31/45 MP: 0/0
  4547 | D:4      | Learned a level 2 spell: Call Imp
  5663 | D:4      | Reached skill level 1 in Long Blades
  5759 | D:5      | Entered Level 5 of the Dungeon
  6185 | D:5      | Found a shimmering altar of Xom.
  6352 | D:5      | Reached XP level 8. HP: 50/51 MP: 0/0
  6734 | D:5      | Found Aga Ryots's Book Shop.
  7008 | D:5      | Reached skill level 5 in Spellcasting
  7161 | D:5      | Noticed a two-headed ogre
  7858 | D:6      | Noticed Prince Ribbit
  7865 | D:6      | Killed Prince Ribbit
  7866 | D:6      | Reached skill level 1 in Fighting
  8391 | D:6      | Found a staircase to the Ecumenical Temple.
  8401 | Temple   | Entered the Ecumenical Temple
  8665 | Temple   | Became a worshipper of Makhleb the Destroyer
  8727 | D:6      | Found a bloodstained altar of Trog.
  8797 | D:6      | Reached skill level 6 in Spellcasting
  8797 | D:6      | Reached XP level 9. HP: 51/57 MP: 0/0
  8797 | D:6      | Learned a level 4 spell: Iskenderun's Mystic Blast
  8797 | D:6      | Identified the +1 rapier of Cegitaeg {flame, Drain Will+
                  | Str+4 Dex+2}
  8959 | D:6      | Slain by a scorpion

Illustrated notes

Levels and vault maps discovered:
D:1:      dpeg_arrival_pits, layout_rooms, shapermc_ecumenical_altar_rom_forum,
          serial_forest, infiniplex_forest_straight_5,
          infiniplex_forest_lined_4_way, infiniplex_forest_side_room,
          infiniplex_forest_straight_3, infiniplex_forest_straight_2
D:2:      layout_loops_ring, serial_undead, serial_undead_c, serial_undead_d,
          serial_undead_e, serial_undead_c, grunt_decor_mini_mirrors
D:3:      cheibrodos_pilgrimage, layout_basic, minmay_bisected, uniq_natasha
D:4:      layout_rooms
D:5:      layout_basic, overflow_temple_1_default, serial_shops,
          kennysheep_little_box
D:6:      layout_gridville, trog_book, minmay_temple_entry_gardened_gates,
          uniq_prince_ribbit1
Temple:   dpeg_five_rooms_temple

Skill      XL: |  1  2  3  4  5  6  7  8 |
---------------+-------------------------+-----
Spellcasting   | 3 4 6 |  6.2
Stealth        | 2 |  2.9
Shields        | 1 2 3 |  3.8
Armour         | 1 2 3 |  3.3
Long Blades    | 2 |  2.6
Dodging        | 3 |  3.6
Fighting       | 1 |  1.5

Action                   |  1- 3 |  4- 6 |  7- 9 || total
-------------------------+-------+-------+-------++-------
Melee: Dagger            |     6 |     3 |       ||     9
       Falchion          |       |     5 |   135 ||   140
 Cast: Foxfire           |    46 |    79 |    65 ||   190
       Scorch            |    13 |    13 |    27 ||    53
       Blink             |       |       |     4 ||     4
       Conjure Flame     |       |       |     2 ||     2
       Call Imp          |       |       |     1 ||     1
  Use: Scroll            |     3 |     5 |     1 ||     9
 Stab: Sleeping          |       |     2 |       ||     2
Armor: Robe              |     2 |       |       ||     2
       Leather armour    |     4 |     3 |    27 ||    34
Dodge: Dodged            |     7 |     7 |    72 ||    86
Block: Buckler           |     4 |     5 |    52 ||    61

Table legend: (Time is in decaauts)
 A = Elapsed time spent in this place.
 B = Non-inter-level travel time spent in this place.
 C = Inter-level travel time spent in this place.
 D = Time resting spent in this place.
 E = Time spent auto-exploring this place.
 F = Levels seen in this place.
 G = Mean time per level.
                   A        B        C        D        E       F      G
               +--------+--------+--------+--------+--------+-----+--------+
         Total |   8996 |   8792 |    204 |   1362 |   6154 |   7 | 1285.1 |
       Dungeon |   8680 |   8576 |    104 |   1362 |   5984 |   6 | 1446.7 |
        Temple |    316 |    216 |    100 |      0 |    170 |   1 |  316.0 |
               +--------+--------+--------+--------+--------+-----+--------+

Top non-repeatable levels by time:
     D:3: 1888 daAuts
     D:5: 1660 daAuts
     D:2: 1550 daAuts
     D:4: 1368 daAuts
     D:1: 1179 daAuts
     D:6: 1033 daAuts
  Temple: 316 daAuts
